 Dungeon Crawl Stone Soup version 0.19-a0-1837-gdfe47cf (webtiles) character file.

92 tyvek the Covered (level 4, -1/29 HPs)
             Began as a Gargoyle Fighter on Oct 8, 2016.
             Slain by tyvek's ghost (10 damage)
             ... on level 3 of the Dungeon.
             The game lasted 00:03:04 (1563 turns).

tyvek the Covered (Gargoyle Fighter)                Turns: 1563, Time: 00:03:05

Health: -1/29      AC: 15    Str: 25    XL:     4   Next: 60%
Magic:  4/4        EV:  4    Int:  9    God:
Gold:   48         SH: 10    Dex:  9    Spells: 0 memorised, 3 levels left

rFire  x . .     SeeInvis .     a - +1 flail
rCold  + . .     Gourm    .     b - +0 scale mail
rNeg   + . .     Faith    .     c - +1 shield
rPois  ∞         Spirit   .     p - +2 helmet
rElec  +         Dismiss  .     (no cloak)
rCorr  .         Reflect  .     (no gloves)
MR     .....     Harm     .     l - +0 pair of boots
Stlth  ..........               (no amulet)
                                k - -3 ring of evasion (curse)
                                h - ring of ice {rC+, rF-}

@: mighty
A: negative energy resistance 1, electricity resistance, unbreathing,
petrification resistance, rot immunity, AC +3
a: no special abilities


You were on level 3 of the Dungeon.
You were not hungry.

You visited 1 branch of the dungeon, and saw 3 of its levels.

You collected 48 gold pieces.

Inventory:

Hand Weapons
 a - a +1 flail (weapon)
Armour
 b - a +0 scale mail (worn)
 c - a +1 shield (worn)
 l - a +0 pair of boots (worn)
   (You found it on level 2 of the Dungeon)
 p - a +2 helmet (worn)
   (You found it on level 1 of the Dungeon)
Jewellery
 h - a ring of ice (left hand) {rC+, rF-}
   (You found it on level 2 of the Dungeon)
 k - a cursed -3 ring of evasion (right hand)
   (You found it on level 2 of the Dungeon)
Scrolls
 o - a scroll of noise {unknown}
 r - a scroll of blinking {unknown}
 s - a scroll of remove curse {unknown}
 t - a scroll of enchant weapon
 u - a scroll of enchant armour
Potions
 e - a potion of agility
 i - a potion of berserk rage {!q}
 m - a potion of lignification {!q}
 n - 2 potions of heal wounds {unknown}
 q - a potion of ambrosia {unknown}
Comestibles
 f - a bread ration {@e1}
 g - 3 slices of pizza
 j - a chunk of flesh {@w0}


   Skills:
 + Level 4.0 Fighting
 + Level 2.6 Maces & Flails
 + Level 4.2 Armour
 + Level 4.0 Shields


You had 3 spell levels left.
You didn't know any spells.

Dungeon Overview and Level Annotations

Branches:
Dungeon (3/15)

Altars:

Annotations:
D:3 tyvek's ghost, amateur GrFi


Innate Abilities, Weirdness & Mutations

You are resistant to torment.
Your stone body is resilient. (AC +3)
You are immune to poison.
You resist negative energy. (rN+)
You are resistant to electric shocks. (rElec)
You can survive without breathing.
You are immune to petrification.
You are immune to rotting.


Message History

Okay, then.
Put on which piece of jewellery? (? for menu, Esc to quit)
You feel more attuned to ice.
h - a ring of ice (left hand) Put on which piece of jewellery? (? for menu, Esc to quit)
Oops, that ring feels deathly cold.
k - a cursed -3 ring of evasion (right hand)
Okay, then.
Drop what? 17/52 slots (_ for help) (? for menu, Esc to quit)
You drop a scroll of random uselessness.
You butcher the giant cockroach corpse.
j - 4 chunks of flesh {@w0} (gained 1)
o - a scroll labeled WEHESHR YHUTAKH No target in view!
Found a stone staircase leading up.
No target in view!
r - a scroll labeled ETUYDU NIMA No target in view!
s - a scroll labeled PAIFEI ZUEH No target in view!
Found an escape hatch in the floor.
No target in view!
There is an escape hatch in the floor here.
t - a scroll of enchant weapon No target in view!
No target in view!
Some of the chunks of flesh in your inventory have rotted away.
A rat comes into view.
A rat is nearby!
You block the rat's attack.
A rat is nearby!
You closely miss the rat. You block the rat's attack.
A rat is nearby!
You closely miss the rat. The rat bites you but does no damage.
You hit the rat.
You kill the rat!
n - 2 lumpy purple potions (gained 1)
You now have 48 gold pieces (gained 12).
u - a scroll of enchant armour No target in view!
Some of the chunks of flesh in your inventory have rotted away.
Done exploring.
No target in view!
Done exploring.
No target in view!
No target in view!
Done exploring.
No target in view!
Done exploring.
No target in view!
Done exploring.
(D) Dungeon
Where to? (Enter - D:2, ? - help)
There is a stone staircase leading down here.
You climb downwards.
There is a stone staircase leading up here.
As you open the door, it creaks loudly!
You hear a shout!
There is an open door here.
A hobgoblin comes into view.
A hobgoblin is nearby!
A hobgoblin is nearby!
The hobgoblin hits you but does no damage.
All of the chunks of flesh in your inventory have rotted away.
A hobgoblin is nearby!
You sock the hobgoblin!
You kill the hobgoblin!
You butcher the hobgoblin corpse.
j - 2 chunks of flesh {@w0}
Found a stone staircase leading down.
No target in view!
Eating one of 2 chunks of flesh {@w0}.
You start eating one of the 2 chunks of flesh {@w0}.
You are feeling hungry.
You continue eating. x2
You finish eating.
Tyvek's ghost (amateur Gargoyle Fighter) comes into view.
You barely miss tyvek's ghost.
Tyvek's ghost hits you but does no damage.
You block tyvek's ghost's attack.
You hit tyvek's ghost. You block tyvek's ghost's attack.
You hit tyvek's ghost. Tyvek's ghost hits you.
You block tyvek's ghost's attack.
You take 4 damage, and have 25/29 hp.
You hit tyvek's ghost but do no damage. Tyvek's ghost hits you!
You take 8 damage, and have 17/29 hp.
MASSIVE DAMAGE!!
You are too injured to fight recklessly!
You are too injured to fight recklessly!
You are too injured to fight recklessly!
You are too injured to fight recklessly!
Unknown command.
You feel very mighty all of a sudden. Tyvek's ghost hits you!
You take 8 damage, and have 9/29 hp.
MASSIVE DAMAGE!!
You barely miss tyvek's ghost. You block tyvek's ghost's attack.
You sock tyvek's ghost!
Tyvek's ghost hits you but does no damage.
Tyvek's ghost hits you!
You die...

#.....#.#.# #.....#.#.#
#####...##.#.#
...#<...##.#.#
##.#.#'###.#.#### ####
................###....#
........................
##.#.#.###.#.###.##....
#.#...# #.#.# #@# .
#.#######.#.# #W#
#.........#.# ...
###########.#.#..#
#.#.#..# ..# #..# ##.#
..


You could see tyvek's ghost.

Vanquished Creatures
  3 adders
  A worm (D:2)
  3 dart slugs
  A leopard gecko (D:1)
  2 ball pythons (D:1)
  7 bats
  A giant cockroach (D:2)
  5 goblins
  8 hobgoblins
  6 jackals
  A quokka (D:1)
  2 frilled lizards (D:1)
  9 kobolds
  3 rats
52 creatures vanquished.

Notes
Turn   | Place    | Note
-------+----------+-------------------------------------------
     0 | D:1      | tyvek the Gargoyle Fighter began the quest for the Orb.
     0 | D:1      | Reached XP level 1. HP: 14/14 MP: 1/1
   125 | D:1      | Reached XP level 2. HP: 15/19 MP: 2/2
   677 | D:1      | Reached XP level 3. HP: 23/23 MP: 3/3
   892 | D:1      | Reached skill level 4 in Armour
  1029 | D:2      | Reached XP level 4. HP: 29/29 MP: 4/4
  1284 | D:2      | Reached skill level 4 in Fighting
  1284 | D:2      | Reached skill level 4 in Shields
  1553 | D:3      | Noticed tyvek's ghost (amateur GrFi)
  1563 | D:3      | Slain by tyvek's ghost

Vault maps used:
D:1:      enne_arrival_octagon_isle, minmay_misc_feat_square, minmay_liquid_box
D:2:      st_stairs_1, minmay_split_cup_large

Skill      XL: |  1  2  3  4 |
---------------+-------------+-----
Armour         | 4 |  4.2
Fighting       | 4 |  4.0
Shields        | 4 |  4.0
Maces & Flails | |  2.6

Action                   |  1- 3 |  4- 6 || total
-------------------------+-------+-------++-------
Melee: Flail             |   135 |    62 ||   197
  Use: Scroll            |     8 |       ||     8
       Potion            |       |     1 ||     1
  Eat: Chunk             |     1 |     2 ||     3
Armor: Scale mail        |    85 |    43 ||   128
Dodge: Dodged            |    61 |    19 ||    80
Block: Shield            |    95 |    48 ||   143

Vault maps used:
D:1:      enne_arrival_octagon_isle, minmay_misc_feat_square, minmay_liquid_box
D:2:      st_stairs_1, minmay_split_cup_large

Table legend:
 A = Turns spent in this place as a percentage of turns spent in the entire game.
 B = Non-inter-level travel turns spent in this place as a percentage of non-inter-level travel turns spent in the entire game.
 C = Inter-level travel turns spent in this place as a percentage of turns spent in this place.
 D = Turns resting spent in this place as a percentage of non-inter-level travel turns spent in this place.
 E = Turns spent auto-exploring this place as a percentage of non-inter-level travel turns spent in this place.
 F = Non-inter-level travel turns spent in this place divided by the number of levels of this place that you've seen.
                   A       B       C       D       E      F
               +-------+-------+-------+-------+-------+----------------------
         Total | 100.0 | 100.0 |   0.3 |   0.6 |  13.5 | 219.7
       Dungeon | 100.0 | 100.0 |   0.3 |   0.6 |  13.5 | 219.7
               +-------+-------+-------+-------+-------+----------------------

Table legend:
 A = Kills in this place as a percentage of kills in entire the game.
 B = Kills by you in this place as a percentage of kills by you in the entire game.
 C = Kills by friends in this place as a percentage of kills by friends in the entire game.
 D = Other kills in this place as a percentage of other kills in the entire game.
 E = Experience gained in this place as a percentage of experience gained in the entire game.
 F = Experience gained in this place divided by the number of levels of this place that you have seen.
                   A       B       C       D       E      F
               +-------+-------+-------+-------+-------+----------------------
         Total | 100.0 | 100.0 |  -nan |  -nan | 100.0 |  44.0
       Dungeon | 100.0 | 100.0 |  -nan |  -nan | 100.0 |  44.0
               +-------+-------+-------+-------+-------+----------------------
